 Dungeon Crawl Stone Soup version 0.21.0-3-g78d12a8 (webtiles) character file.

378 Monsterracer the Ruffian (level 6, -3/50 HPs)
             Began as a Ghoul Venom Mage on Jan 13, 2018.
             Was an Initiate of Wu Jian.
             Slain by an ogre
             ... wielding a +0 giant spiked club
              (11 damage)
             ... on level 5 of the Dungeon.
             The game lasted 00:06:58 (3732 turns).

Monsterracer the Ruffian (Ghoul Venom Mage)         Turns: 3732, Time: 00:06:58

Health: -3/50      AC:  4    Str: 14    XL:     6   Next: 74%
Magic:  7/7        EV: 12    Int: 12    God:    Wu Jian [......]
Gold:   152        SH:  0    Dex:  9    Spells: 7/8 levels left

rFire    . . .     SeeInvis .     - Unarmed
rCold    + . .     Gourm    .   (no shield)
rNeg     + + +     Faith    .   d - +1 robe of Knowledge {*Slow Int+2 Slay+3}
rPois    ∞         Spirit   .   g - +1 hat
rElec    .         Reflect  .   (no cloak)
rCorr    .         Harm     .   (no gloves)
MR       .....                  (no boots)
Stlth    +++.......             (no amulet)
HPRegen  0.00/turn              a - ring of stealth
MPRegen  0.10/turn              (no ring)

@: rotting
A: rotting body, claws 1, carnivore, cold resistance 1, negative energy
resistance 3, inhibited regeneration, torment resistance, unbreathing
a: Renounce Religion


You were on level 5 of the Dungeon.
You worshipped Wu Jian.
Wu Jian was noncommittal.
You were not hungry.

You visited 2 branches of the dungeon, and saw 6 of its levels.

You collected 152 gold pieces.

Inventory:

Armour
 d - the +1 robe of Knowledge (worn) {*Slow Int+2 Slay+3}
   (You found it on level 4 of the Dungeon)

   It affects your intelligence (+2).
   It affects your accuracy and damage with ranged weapons and melee attacks
   (+3).
   It may slow you when you take damage.
 g - a +1 hat (worn)
Jewellery
 a - a ring of stealth (left claw)
Wands
 j - a wand of paralysis (15)
Scrolls
 b - a scroll of identify
 e - a scroll of remove curse
 k - a scroll of enchant weapon
Potions
 f - 2 potions of flight
 i - a potion of heal wounds
 l - 2 potions of ambrosia {!q}
 n - a potion of curing {unknown}
Comestibles
 c - 10 rations
 h - 2 chunks of flesh


   Skills:
 + Level 2.4 Fighting
 - Level 0.7 Armour
 + Level 2.8 Dodging
 - Level 2.1 Stealth
 * Level 5.8 Unarmed Combat
 - Level 1.7 Spellcasting
 - Level 0.7 Conjurations
 - Level 3.0 Poison Magic


You had 7 spell levels left.
You knew the following spells:

 Your Spells              Type           Power        Failure   Level  Hunger
a - Sting                 Conj/Pois      #...         13%         1    ##.....


Dungeon Overview and Level Annotations

Branches:
Dungeon (5/15)             Temple (1/1) D:4

Altars:
Ashenzari
Cheibriados
Dithmenos
Elyvilon
Fedhas
Gozag
Hepliaklqana
Kikubaaqudgha
Makhleb
Nemelex Xobeh
Okawaru
Qazlal
Ru
Sif Muna
Trog
Uskayaw
Vehumet
Wu Jian
Xom
Zin

Shops:
D:5 (


Innate Abilities, Weirdness & Mutations

Your body is rotting away.
You thrive on raw meat.
You are immune to poison.
You have sharp fingernails.
You are carnivorous and can eat meat at any time.
Your flesh is cold resistant. (rC+)
You are immune to negative energy. (rN+++)
You do not regenerate when monsters are visible.
You are immune to unholy pain and torment.
You can survive without breathing.


Message History

The helpless jelly fails to defend itself.
You scratch the jelly.
Your claws burn!
The jelly is moderately wounded.
You take 5 damage, and have 43/48 hp.
You scratch the jelly.
Your claws burn!
The jelly is severely wounded.
The jelly hits you.
You are splashed with acid!
The acid burns!
You take 8 damage, and have 35/48 hp.
You claw the jelly!
You kill the jelly!
The Council accepts your kill.
HP restored.
There is an entrance to Lobuatem's Antique Weapon Emporium here.
Health restored: 48 You see here a runed hat.
g - a runed hat Wear which item? (? for menu, Esc to quit)
You start putting on your armour.
You continue putting on your runed hat. x4
You finish putting on your +1 hat.
A worker ant comes into view.
The worker ant twitches its antennae in your direction.
A worker ant is nearby!
You lunge at the worker ant, in a flurry of attacks.
You claw the worker ant!
The worker ant is almost dead.
You barely miss the worker ant.
The worker ant is almost dead.
The worker ant misses you. The worker ant barely misses you.
Found an iron wand.
Found a stone staircase leading up.
A worker ant comes into view.
You scratch the worker ant.
You kill the worker ant!
The Council accepts your kill.
You scratch the worker ant but do no damage.
The worker ant bites you but does no damage.
You scratch the worker ant.
The worker ant is lightly wounded.
The worker ant bites you.
You take 1 damage, and have 47/48 hp.
You barely miss the worker ant.
The worker ant is lightly wounded.
The worker ant closely misses you.
You scratch the worker ant. You claw the worker ant!
The worker ant is almost dead.
The worker ant misses you. x2
You scratch the worker ant.
You kill the worker ant!
The Council accepts your kill.
You regained 2 hp, and now have 49/50 hp.
No target in view!
Found a short sword.
You see here a worker ant corpse.
No target in view!
No target in view!
There isn't anything here!
You butcher the worker ant corpse.
h - 2 chunks of flesh
There is a stone staircase leading up here.
j - a wand of paralysis (15) Health restored: 50 A hound skeleton comes into view.
You barely miss the hound skeleton. The hound skeleton closely misses you.
You claw the hound skeleton!
The hound skeleton is heavily damaged.
The hound skeleton closely misses you. The hound skeleton barely misses you.
You claw the hound skeleton!
You destroy the hound skeleton!
The Council accepts your kill.
No target in view!
You found a teleport trap!
No target in view!
An ogre comes into view. It is wielding a giant spiked club.
The ogre shouts!
You lunge at the ogre.
You barely miss the ogre. The ogre misses you.
You scratch the ogre.
The ogre is lightly wounded.
The ogre hits you with a giant spiked club!
You take 11 damage, and have 39/50 hp.
MASSIVE DAMAGE!!
You claw the ogre!
The ogre is moderately wounded.
You claw the ogre!
The ogre is heavily wounded.
The ogre barely misses you.
You barely miss the ogre.
The ogre is heavily wounded.
The ogre hits you with a giant spiked club!!
Ouch! That really hurt!
* * * LOW HITPOINT WARNING * * *
You take 31 damage, and have 8/50 hp.
MASSIVE DAMAGE!!
You claw the ogre!
The ogre is almost dead.
You scratch the ogre but do no damage.
The ogre is almost dead.
The ogre barely misses you.
You completely miss the ogre.
The ogre is almost dead.
You barely miss the ogre.
The ogre is almost dead.
The ogre hits you with a giant spiked club!
You die...

.###### #.#
...# #.# .#.#
##.###### #
.#.#
#......^#.#
.#.#
#######.#.#.#
.#..
............#
.###
#######.#.###
.......
#.#...
....... #@#
### #######
#O....# #
+.....#
#.....#
#######


You could see an ogre.

Vanquished Creatures
  A jelly (D:5)
  A hound (D:4)
  An iguana (D:4)
  4 worker ants
  A hound zombie (D:2)
  A hound skeleton (D:5)
  A gnoll (D:3)
  5 adders
  An ooze (D:2)
  2 adder skeletons (D:4)
  A worm (D:3)
  4 dart slugs
  5 leopard geckos
  5 orcs (D:3)
  5 giant cockroaches
  4 hobgoblins
  6 jackals
  8 kobolds
  3 quokkas
  3 ball pythons
  8 bats
  6 frilled lizards
  6 goblins
  A leopard gecko skeleton (D:4)
  A leopard gecko zombie (D:3)
  10 rats
94 creatures vanquished.

Notes
Turn   | Place    | Note
-------+----------+-------------------------------------------
     0 | D:1      | Monsterracer the Ghoul Venom Mage began the quest for the Orb.
     0 | D:1      | Reached XP level 1. HP: 14/14 MP: 2/2
    66 | D:1      | Reached skill level 1 in Unarmed Combat
   155 | D:1      | Reached XP level 2. HP: 20/20 MP: 3/3
   198 | D:1      | Reached skill level 2 in Unarmed Combat
   334 | D:1      | HP: 10/20 [kobold (3)]
   572 | D:1      | Reached XP level 3. HP: 26/26 MP: 4/4
   784 | D:2      | Reached skill level 3 in Unarmed Combat
  1066 | D:2      | Found a white marble altar of Elyvilon.
  1210 | D:2      | HP: 13/26 [bat (1)]
  1223 | D:2      | Reached skill level 4 in Unarmed Combat
  1223 | D:2      | Reached XP level 4. HP: 22/33 MP: 5/5
  2039 | D:3      | HP: 17/34 [adder (1)]
  2451 | D:3      | Reached XP level 5. HP: 22/39 MP: 6/6
  2454 | D:3      | HP: 19/39 [hobgoblin/club (3)]
  2470 | D:3      | Reached skill level 1 in Fighting
  2927 | D:4      | Found a shimmering altar of Xom.
  2930 | D:4      | Found a hazy altar of Hepliaklqana.
  2932 | D:4      | Got a creamy pearl robe
  2933 | D:4      | Found a deep blue altar of Sif Muna.
  2958 | D:4      | Identified the +1 robe of Knowledge {*Slow Int+2 Slay+3} (You found it on level 4 of the Dungeon)
  2988 | D:4      | Reached skill level 5 in Unarmed Combat
  2994 | D:4      | Found a staircase to the Ecumenical Temple.
  3000 | Temple   | Entered the Ecumenical Temple
  3029 | D:4      | Found an ornate altar of the Wu Jian Council.
  3034 | D:4      | Became a worshipper of the Wu Jian Council
  3068 | D:4      | Reached XP level 6. HP: 47/48 MP: 7/7
  3417 | D:4      | HP: 21/48 [leopard gecko skeleton/exploding inner flame[the player character] (27)]
  3574 | D:5      | Entered Level 5 of the Dungeon
  3575 | D:5      | Found Lobuatem's Antique Weapon Emporium.
  3728 | D:5      | HP: 8/50 [ogre/giant spiked club (31)]
  3732 | D:5      | Slain by an ogre

Skill      XL: |  1  2  3  4  5  6 |
---------------+-------------------+-----
Unarmed Combat | 1 2 4 5 |  5.8
Dodging        | 2 |  2.8
Fighting       | 1 2 |  2.4
Armour         | |  0.7
Stealth        | |  2.1
Spellcasting   | |  1.7
Conjurations   | |  0.7
Poison Magic   | |  3.0

Action                   |  1- 3 |  4- 6 || total
-------------------------+-------+-------++-------
Melee: Unarmed           |   145 |   218 ||   363
       Punch             |     2 |     2 ||     4
Invok: Lunge             |       |     5 ||     5
  Use: Scroll            |       |    11 ||    11
 Stab: Sleeping          |     3 |     7 ||    10
  Eat: Chunk             |    13 |    18 ||    31
Armor: Robe              |    36 |    17 ||    53
       Scale mail        |       |    29 ||    29
Dodge: Dodged            |   105 |    92 ||   197

Vault maps used:
D:1:      minmay_arrival_radiant_lines, minmay_statues_item
D:2:      lemuel_coloured_pillars_altar, minmay_pentomino_r4
D:3:      first_ration, minmay_vboxes
D:4:      kennysheep_little_box, grunt_temple_overflow_open, temple_green
D:5:      gammafunk_cloud_chamber, serial_shops,
          nicolae_shop_competitors_out_of_business
Temple:   nicolae_temple_no_exploring_needed
